[Event "Titled Tuesday Blitz May 31 Late 2022"]
[White "De Souza, Cristiano Gomes"]
[Black "Wartiovaara, Oliver"]
[WhiteFideId "2151758"]
[BlackFideId "513024"]
[WhiteElo "2068"]
[BlackElo "1971"]
[Result "0-1"]
[Round "07"]
[TimeControl "180+1"]
[Date "2022.06.01"]
[WhiteClock "0:00:03"]
[BlackClock "0:00:08"]

1. d4 Nf6 2. c4 g6 3. Nc3 d5 4. Bf4 Bg7 5. e3 c5 6. dxc5 Qa5 7. Rc1 dxc4 8. Bxc4 O-O 9. Nf3 Nc6 10. O-O Qxc5 11. Nb5 Qh5 12. Nc7 Rb8 13. Nd5 e5 14. Bg3 Bg4 15. Nxf6+ Bxf6 16. Be2 Rfd8 17. Qb3 e4 18. Bxb8 Nxb8 19. h3 Bxf3 20. Bxf3 exf3 21. Qxb7 fxg2 22. Kxg2 Nd7 23. Rc8 Qg5+ 24. Kh1 Nc5 25. Rxd8+ Bxd8 26. Qc8 Kg7 27. Qg4 Qd5+ 28. Qg2 Qxa2 29. Rd1 Bf6 30. Qd5 Qxd5+ 31. Rxd5 Ne4 32. Kg2 Bxb2 33. Ra5 Bf6 34. Rxa7 h5 35. f3 Ng5 36. e4 Ne6 37. Ra6 Be5 38. Ra5 Kf6 39. Kf2 Bd4+ 40. Ke2 Nf4+ 41. Kd2 Nxh3 42. Kd3 Be5 43. Ra6+ Kg7 44. Ra7 Nf4+ 45. Ke3 h4 46. Kf2 g5 47. Ra5 f6 48. Ra7+ Kg6 49. Ra8 Ne6 50. Kg2 Nd4 51. Kh3 Ne2 52. Kg2 Nf4+ 53. Kf2 h3 54. Ra2 Kh5 55. Kg1 Kh4 56. Kh1 Kg3 57. Ra3 Nh5 58. Rb3 Kf4 59. Ra3 Ng3+ 60. Kg1 g4 61. fxg4 Kxg4 62. Ra4 Kf4 63. Ra2 Nxe4 64. Kh1 f5 65. Ra4 Kg4 66. Ra8 Bg3 67. Rg8+ Kf3 0-1


[Site "https://www.chess.com"]

[Event "Titled Tuesday Blitz May 31 Late 2022"]
[White "Demchenko, Anton"]
[Black "Halkias, Stelios"]
[WhiteFideId "4160258"]
[BlackFideId "4201809"]
[WhiteElo "2539"]
[BlackElo "2453"]
[Result "0-1"]
[Round "07"]
[TimeControl "180+1"]
[Date "2022.05.31"]
[WhiteClock "0:00:10"]
[BlackClock "0:00:04"]

1. e4 c5 2. Nf3 d6 3. d4 cxd4 4. Qxd4 Nc6 5. Bb5 Bd7 6. Bxc6 bxc6 7. Nc3 e5 8. Qd3 Qc7 9. O-O Ne7 10. b4 Ng6 11. b5 Rc8 12. Be3 Be7 13. a4 O-O 14. bxc6 Bxc6 15. Nb5 Qb7 16. Nd2 f5 17. Nxa7 Bxe4 18. Nxe4 fxe4 19. Qd2 Rcd8 20. Rfb1 Qa8 21. c4 Nf4 22. Nb5 Qc8 23. Bxf4 exf4 24. Qd5+ Kh8 25. Qxe4 f3 26. Nd4 Bf6 27. Rc1 Rde8 28. Qd3 Qg4 29. Nxf3 Bxa1 30. Rxa1 Rf4 31. h3 Qh5 32. Qxd6 Ref8 33. a5 R4f6 34. Qd3 Qe8 35. a6 Qc6 36. a7 Ra8 37. Ng5 Rg6 38. Nf7+ Kg8 39. Ne5 Qxg2# 0-1


[Site "https://www.chess.com"]

[Event "Titled Tuesday Blitz May 31 Late 2022"]
[White "Derraugh, Geordie"]
[Black "Hasangatin, Ramil"]
[WhiteFideId "2603950"]
[BlackFideId "4122160"]
[WhiteElo "2116"]
[BlackElo "2399"]
[Result "1-0"]
[Round "07"]
[TimeControl "180+1"]
[Date "2022.06.01"]
[WhiteClock "0:00:05"]
[BlackClock "0:00:01"]

1. e4 d5 2. exd5 Qxd5 3. Nf3 Bg4 4. Be2 Nc6 5. d4 O-O-O 6. Be3 e5 7. c4 Qa5+ 8. Bd2 Qa6 9. d5 Bxf3 10. Bxf3 Nd4 11. b3 Qg6 12. O-O f5 13. Bh5 Qf6 14. Nc3 g6 15. Be2 Bg7 16. Re1 e4 17. Rc1 Ne7 18. Be3 Kb8 19. Bf1 c5 20. b4 cxb4 21. Na4 f4 22. Bxd4 Qxd4 23. Qxd4 Bxd4 24. Rxe4 Nf5 25. Rxf4 Rhe8 26. Bd3 Be5 27. Re4 Nd6 28. Ree1 Bf4 29. Rcd1 Nf5 30. Rxe8 Rxe8 31. Nc5 Bd6 32. Ne6 b6 33. Bxf5 gxf5 34. f4 Kb7 35. Kf2 a5 36. Ke3 a4 37. g3 Ka6 38. Kd4 Ka5 39. Rb1 Rc8 40. Ng7 Bc5+ 41. Kd3 Rf8 42. Re1 b3 43. axb3 a3 44. Ne6 Re8 45. Ra1 Kb4 46. Kc2 h5 47. Rd1 Ra8 48. Ra1 Bd6 49. Nd4 Re8 50. Nc6+ Kc5 51. Rxa3 Bf8 52. b4+ Kxc4 53. Rd3 Bd6 54. Kd2 Ra8 55. Rc3+ Kxd5 56. b5 Ra2+ 57. Ke3 Bc5+ 58. Kd3 Rxh2 59. Rc2 Rh3 60. Rg2 Rh1 61. Ne5 Rd1+ 62. Ke2 Rb1 63. Nf7 Rxb5 64. Kf3 Rb3+ 65. Ke2 Re3+ 66. Kf1 b5 67. Rd2+ Kc4 68. Ne5+ Kc3 69. Rd5 Bd4 70. Rxb5 Rxg3 71. Nc6 Be3 72. Ke2 Bxf4 73. Rxf5 Bd6 74. Rxh5 Kc4 75. Nd8 Kc3 76. Ne6 Bb4 77. Ng5 Rg2+ 78. Kf3 Ra2 79. Ne4+ Kd4 80. Rh4 Be7 81. Rh7 Bb4 82. Rd7+ Kc4 83. Rc7+ Kb5 84. Kf4 Ra1 85. Kf5 1-0


[Site "https://www.chess.com"]

[Event "Titled Tuesday Blitz May 31 Late 2022"]
[White "Djabri,Massinas"]
[Black "Ezat, Mohamed"]
[WhiteFideId "7905726"]
[BlackFideId "10600906"]
[WhiteElo "1941"]
[BlackElo "2386"]
[Result "1-0"]
[Round "07"]
[TimeControl "180+1"]
[Date "2022.06.01"]
[WhiteClock "0:01:32"]
[BlackClock "0:00:22"]

1. d4 Nf6 2. Bf4 d5 3. e3 c5 4. dxc5 Nc6 5. Bb5 Qa5+ 6. Nc3 a6 7. Bxc6+ bxc6 8. Qd4 g6 9. Be5 Bg7 10. Ne2 O-O 11. O-O Nh5 12. Bxg7 Nxg7 13. b4 Qa3 14. Rab1 Nf5 15. Qd2 a5 16. Rb3 axb4 17. Rxa3 Rxa3 18. Nb1 Rxa2 19. Qxb4 Ba6 20. Re1 Rxc2 21. Nd4 Nxd4 22. exd4 Rc4 23. Qb6 Bb5 24. Na3 Rxd4 25. Nxb5 cxb5 26. c6 Rc4 27. Qb7 e6 28. h3 b4 29. c7 b3 30. Rb1 d4 31. Rxb3 e5 32. Ra3 Kg7 33. Qd5 Rc1+ 34. Kh2 Re8 35. Ra7 d3 36. Qxd3 e4 37. Qd7 Kf8 38. c8=Q 1-0


[Site "https://www.chess.com"]

[Event "Titled Tuesday Blitz May 31 Late 2022"]
[White "Eljanov, Pavel"]
[Black "Ozsakallioglu, Okan"]
[WhiteFideId "14102951"]
[BlackFideId "6367011"]
[WhiteElo "2601"]
[BlackElo "2003"]
[Result "1-0"]
[Round "07"]
[TimeControl "180+1"]
[Date "2022.05.31"]
[WhiteClock "0:00:18"]
[BlackClock "0:01:05"]

1. e4 c5 2. Nf3 e6 3. d4 cxd4 4. Nxd4 Nf6 5. Nc3 Nc6 6. a3 d5 7. exd5 exd5 8. Be2 Be7 9. O-O O-O 10. Be3 Be6 11. Bd3 Re8 12. h3 Bf8 13. Nce2 Ne5 14. Nf4 Nxd3 15. Qxd3 a6 16. Rad1 Rc8 17. Rfe1 Qc7 18. c3 Bd6 19. Nde2 Rcd8 20. Nxe6 fxe6 21. Nd4 Bf8 22. Qc2 e5 23. Nf5 h6 24. Bc1 Kh8 25. Nh4 Kg8 26. Ng6 Bc5 27. Qf5 e4 28. Be3 Bxe3 29. Rxe3 Qd7 30. Nh4 Qa4 31. Rd4 Qc2 32. Rg3 Kf8 33. Rxg7 Kxg7 34. Qg6+ Kh8 35. Qxf6+ Kg8 36. Qg6+ Kh8 37. Qxh6+ Kg8 38. Qg6+ Kh8 39. Qh6+ Kg8 40. Nf5 Rd7 41. Rxd5 Rf7 42. Rd6 Qb1+ 43. Kh2 1-0


[Site "https://www.chess.com"]

[Event "Titled Tuesday Blitz May 31 Late 2022"]
[White "Fedoseev, Vladimir"]
[Black "Shimanov, Aleksandr"]
[WhiteFideId "24130737"]
[BlackFideId "4198603"]
[WhiteElo "2726"]
[BlackElo "2605"]
[Result "1-0"]
[Round "07"]
[TimeControl "180+1"]
[Date "2022.05.31"]
[WhiteClock "0:01:55"]
[BlackClock "0:00:38"]

1. d4 Nf6 2. Nf3 d5 3. Bf4 e6 4. e3 Bd6 5. Bg3 O-O 6. c4 c5 7. Nc3 dxc4 8. Bxc4 Nc6 9. Ne5 Bxe5 10. dxe5 Qxd1+ 11. Rxd1 Ng4 12. Bb5 Ngxe5 13. Na4 c4 14. O-O f6 15. h3 a6 16. Bxc6 Nxc6 17. Nb6 Ra7 18. Bd6 Re8 19. Bc5 1-0


[Site "https://www.chess.com"]

[Event "Titled Tuesday Blitz May 31 Late 2022"]
[White "Fier, Alexandr"]
[Black "Jovic, Stevan"]
[WhiteFideId "2107139"]
[BlackFideId "923206"]
[WhiteElo "2571"]
[BlackElo "2203"]
[Result "1-0"]
[Round "07"]
[TimeControl "180+1"]
[Date "2022.05.31"]
[WhiteClock "0:02:04"]
[BlackClock "0:01:27"]

1. b3 c6 2. Bb2 d5 3. c4 Bf5 4. e3 Nf6 5. Nf3 Nbd7 6. Nc3 e6 7. Be2 h6 8. h3 Bh7 9. g4 Nc5 10. d3 dxc4 11. dxc4 Nd3+ 12. Bxd3 Bxd3 13. Ne5 Bh7 14. Qf3 Bb4 15. O-O Qa5 16. Ne2 Be4 17. Qg3 O-O 18. f3 Bh7 19. h4 Bd6 20. Rfd1 Bc7 21. Bc3 Qb6 22. Bd4 c5 23. Bb2 Rad8 24. g5 Nh5 25. Qg4 Bxe5 26. Bxe5 Bg6 27. Kf2 hxg5 28. hxg5 Rxd1 29. Rxd1 Rd8 30. Rh1 Qa5 31. Rxh5 Bxh5 32. Qxh5 Qxa2 33. g6 fxg6 34. Qxg6 1-0


[Site "https://www.chess.com"]

[Event "Titled Tuesday Blitz May 31 Late 2022"]
[White "Flynn, Jacob"]
[Black "Romanchuk, Viktor"]
[WhiteFideId "2509393"]
[BlackFideId "14109271"]
[WhiteElo "1896"]
[BlackElo "2242"]
[Result "0-1"]
[Round "07"]
[TimeControl "180+1"]
[Date "2022.06.01"]
[WhiteClock "0:00:04"]
[BlackClock "0:00:23"]

1. d4 d5 2. c4 c6 3. Nf3 Nf6 4. Qc2 dxc4 5. Qxc4 Bf5 6. g3 e6 7. Bg2 Nbd7 8. O-O Be7 9. Nc3 O-O 10. Re1 Ne4 11. Nxe4 Bxe4 12. Bf4 Nb6 13. Qc1 Nd5 14. Bd2 Qb6 15. a3 Bxf3 16. Bxf3 Qxd4 17. e4 Nf6 18. Bc3 Qb6 19. Qg5 h6 20. Qf4 Rfd8 21. h4 Rd3 22. Be2 Rd7 23. g4 Nh7 24. Qg3 Qd8 25. g5 hxg5 26. f4 Bf6 27. hxg5 Bxc3 28. Qxc3 Nf8 29. Red1 Qb6+ 30. Kg2 Rad8 31. Rxd7 Rxd7 32. Rh1 Ng6 33. Kg3 Qd4 34. Rd1 Qxc3+ 35. bxc3 Rxd1 36. Bxd1 e5 37. fxe5 Nxe5 38. Be2 Kf8 39. Kf4 f6 40. Kf5 Ke7 41. gxf6+ gxf6 42. Kf4 Nd7 43. Ke3 Kd6 44. Kd4 Nc5 45. Bd1 Ne6+ 46. Ke3 Ke5 47. Bc2 Nc5 48. Bb1 Na4 49. Kd3 Nb2+ 50. Kc2 Nc4 51. Kd3 Nxa3 52. Ba2 Nb5 53. Bf7 Nd6 54. Bb3 Nxe4 55. Bd1 Nc5+ 56. Kc4 Kd6 57. Kd4 b5 58. Bc2 a5 59. c4 b4 60. Bb1 a4 61. Ke3 Ke5 62. Kd2 Kd4 63. Kc2 Ne4 64. Kb2 c5 65. Bc2 a3+ 66. Kb1 f5 67. Ka1 f4 68. Bd1 Nc3 69. Bf3 Kxc4 70. Be4 Kd4 71. Bf3 Ke3 72. Bg2 Ne4 73. Bf1 Nd2 74. Ba6 f3 75. Bb5 c4 76. Bd7 f2 77. Bh3 f1=Q+ 78. Bxf1 Nxf1 79. Ka2 Kd3 80. Kb1 Kc3 81. Ka1 Ne3 82. Ka2 Nd5 83. Kb1 b3 84. Ka1 Kd2 85. Kb1 c3 86. Ka1 Ne3 87. Kb1 c2+ 88. Ka1 c1=Q# 0-1


[Site "https://www.chess.com"]

[Event "Titled Tuesday Blitz May 31 Late 2022"]
[White "Golubev, Mikhail"]
[Black "Korchmar, Vasiliy"]
[WhiteFideId "14100983"]
[BlackFideId "24131750"]
[WhiteElo "2374"]
[BlackElo "2370"]
[Result "1-0"]
[Round "07"]
[TimeControl "180+1"]
[Date "2022.06.01"]
[WhiteClock "0:00:20"]
[BlackClock "0:00:13"]

1. e4 c5 2. Nc3 d6 3. Nf3 Nc6 4. d4 cxd4 5. Nxd4 Nf6 6. Bc4 e6 7. Be3 a6 8. Bb3 Bd7 9. f4 b5 10. f5 e5 11. Nxc6 Bxc6 12. Bg5 Be7 13. Bxf6 Bxf6 14. Bd5 Rc8 15. Bxc6+ Rxc6 16. Nd5 Bh4+ 17. g3 Bg5 18. O-O O-O 19. c3 Qd7 20. Qg4 f6 21. h4 Bh6 22. Kh2 Kh8 23. Qe2 Rfc8 24. a4 Rc4 25. Nb6 Qb7 26. Nxc8 Rxc8 27. axb5 axb5 28. Rfd1 Qb6 29. Rd5 b4 30. Rb5 Qc6 31. Rxb4 d5 32. exd5 Qxd5 33. Rd1 Qc5 34. Rc4 Qf8 35. Rxc8 Qxc8 36. Qa6 Qb8 37. Qb7 Qg8 38. Qc7 g5 39. Rd8 Bf8 40. h5 g4 41. h6 e4 42. Qc8 e3 43. Rxf8 e2 44. Rxg8# 1-0


[Site "https://www.chess.com"]

[Event "Titled Tuesday Blitz May 31 Late 2022"]
[White "Hansen, Eric"]
[Black "Moroni, Luca Jr"]
[WhiteFideId "2606771"]
[BlackFideId "865834"]
[WhiteElo "2568"]
[BlackElo "2573"]
[Result "1-0"]
[Round "07"]
[TimeControl "180+1"]
[Date "2022.05.31"]
[WhiteClock "0:00:06"]
[BlackClock "0:00:02"]

1. d4 d6 2. e4 e5 3. Nf3 exd4 4. Nxd4 Nf6 5. Nc3 Be7 6. g3 O-O 7. Bg2 Re8 8. O-O c6 9. Re1 Bf8 10. Bf4 a5 11. Qd2 a4 12. Rad1 Qa5 13. a3 Qb6 14. Qc1 h6 15. h3 Na6 16. e5 dxe5 17. Rxe5 Rxe5 18. Bxe5 Nd7 19. Bf4 Nf6 20. Nxa4 Qa5 21. Nc3 Nc7 22. Nb3 Qb6 23. Be3 Qa6 24. Nc5 Qa5 25. Nb3 Qa6 26. Bd4 Be7 27. Re1 Ne6 28. Be3 Bd7 29. Rd1 Re8 30. Ne4 Nxe4 31. Rxd7 Nf6 32. Rd1 Qb5 33. Nd4 Nxd4 34. Bxd4 Qf5 35. b4 Bd8 36. c4 Bc7 37. Qc3 Be5 38. Bxe5 Rxe5 39. Rd8+ Kh7 40. Qd3 Re1+ 41. Kh2 Ne4 42. Qf3 Qe6 43. Rd4 f5 44. h4 Ra1 45. Bh3 g6 46. h5 Ra2 47. hxg6+ Kxg6 48. Bg2 Rxf2 49. Qe3 Ra2 50. c5 Qf6 51. Kg1 h5 52. Bxe4 Ra1+ 53. Kh2 Ra2+ 54. Bg2 h4 55. Rxh4 f4 56. Qxf4 Qb2 57. Rh6+ Kg7 58. Qg5+ Kf7 59. Qg6+ Ke7 60. Qe6+ Kf8 61. Qf6+ Qxf6 62. Rxf6+ Ke7 63. Rf3 Rxa3 64. Rxa3 1-0


[Site "https://www.chess.com"]

[Event "Titled Tuesday Blitz May 31 Late 2022"]
[White "Hardaway, Brewington"]
[Black "Dubov, Daniil"]
[WhiteFideId "30941849"]
[BlackFideId "24126055"]
[WhiteElo "1768"]
[BlackElo "2791"]
[Result "0-1"]
[Round "07"]
[TimeControl "180+1"]
[Date "2022.05.31"]
[WhiteClock "0:00:25"]
[BlackClock "0:01:02"]

1. e4 e6 2. d4 d5 3. Nd2 c5 4. exd5 exd5 5. Ngf3 Nc6 6. Bb5 cxd4 7. O-O Bd6 8. Nb3 Ne7 9. Nbxd4 O-O 10. c3 Bg4 11. h3 Nxd4 12. cxd4 Bh5 13. Be2 Rc8 14. Bd2 Re8 15. Bd3 Nc6 16. Bc3 Qf6 17. g4 Bg6 18. Kg2 Be4 19. Bxe4 dxe4 20. Ne1 Qf4 21. Rh1 Ne7 22. Qc1 Qf6 23. Qd2 Nd5 24. Nc2 Qf3+ 25. Kg1 Nf4 26. Ne1 Ne2+ 27. Kf1 Ng3+ 0-1


[Site "https://www.chess.com"]

[Event "Titled Tuesday Blitz May 31 Late 2022"]
[White "Harvey, Marcus R"]
[Black "Melikhov, Evgeny V."]
[WhiteFideId "400092"]
[BlackFideId "4122046"]
[WhiteElo "2485"]
[BlackElo "1931"]
[Result "1-0"]
[Round "07"]
[TimeControl "180+1"]
[Date "2022.05.31"]
[WhiteClock "0:00:18"]
[BlackClock "0:00:04"]

1. d4 Nf6 2. Bf4 d5 3. e3 c5 4. c3 Nc6 5. Bd3 Qb6 6. Qc2 c4 7. Be2 Bg4 8. Nf3 e6 9. Nbd2 Bf5 10. Qc1 Qd8 11. Nh4 Bg6 12. Nxg6 hxg6 13. e4 dxe4 14. Nxc4 Nd5 15. Bg5 Be7 16. Bxe7 Qxe7 17. a4 Rd8 18. a5 a6 19. g3 e5 20. dxe5 Nxe5 21. Nxe5 Qxe5 22. Ra4 e3 23. f4 Qe6 24. Bf3 Nf6 25. Rd4 Rxd4 26. cxd4 O-O 27. O-O Rc8 28. d5 Qd7 29. Qxe3 Rc2 30. Rf2 Rxf2 31. Qxf2 Qb5 32. Qd2 Qc5+ 33. Kg2 Ne8 34. b4 Qc7 35. Qf2 Nd6 36. Qc5 Qe7 37. h4 Kh7 38. g4 Qf6 39. Kg3 Qe7 40. Qc3 Qf6 41. Qxf6 gxf6 42. Kf2 f5 43. g5 Kg7 44. Ke3 f6 45. Kd4 fxg5 46. hxg5 Kf8 47. Kc5 Ke7 48. Kb6 Kd7 49. Be2 Ne4 50. b5 axb5 51. Bxb5+ Kd6 52. Kxb7 Nc3 53. Bc6 1-0


[Site "https://www.chess.com"]

[Event "Titled Tuesday Blitz May 31 Late 2022"]
[White "Hosseinzadeh, Nima"]
[Black "Tanenbaum, Zachary"]
[WhiteFideId "12505323"]
[BlackFideId "2060850"]
[WhiteElo "2066"]
[BlackElo "2168"]
[Result "1-0"]
[Round "07"]
[TimeControl "180+1"]
[Date "2022.06.01"]
[WhiteClock "0:00:13"]
[BlackClock "0:00:06"]

1. e4 e5 2. Nf3 Nc6 3. Bb5 a6 4. Ba4 d6 5. O-O Nf6 6. d4 b5 7. Bb3 Nxd4 8. Nxd4 exd4 9. c3 dxc3 10. Nxc3 Be7 11. f4 O-O 12. Qf3 Bb7 13. Bd2 c5 14. Rae1 b4 15. Nd1 d5 16. e5 Ne4 17. Bc1 c4 18. Bc2 Bc5+ 19. Kh1 f5 20. exf6 Rxf6 21. Ne3 Bxe3 22. Bxe3 Qd7 23. Bd4 Rh6 24. f5 Re8 25. Qf4 Qf7 26. Bxe4 dxe4 27. f6 e3 28. Rxe3 Rxe3 29. Qxe3 Rg6 30. Rf2 gxf6 31. h3 Kg7 32. Qf4 h5 33. Kh2 Kh7 34. Qf5 Kg7 35. Qf4 Qe6 36. Qc7+ Qf7 37. Qb6 Qd5 38. Bxf6+ Kh7 39. Qc7+ Kg8 40. Qb8+ Kf7 41. Bh4+ Kg7 42. Qf8+ Kh7 43. Rf7+ Qxf7 44. Qxf7+ Rg7 45. Qxh5+ Kg8 46. Bg3 Rf7 47. Qg6+ Kf8 48. Qb6 c3 49. Qxb4+ Kg8 50. Qxc3 Bd5 51. Qe5 Bxa2 52. Qb8+ Kh7 53. Qb6 Bc4 54. Be5 Bd5 55. Qd4 Be6 56. Qh4+ Kg6 57. Qg3+ Kf5 58. Qf4+ Kg6 59. Qe4+ Bf5 60. Qc6+ Kg5 61. g4 Bg6 62. Qc1+ Kh4 63. Qh6+ Bh5 64. Qxh5# 1-0


[Site "https://www.chess.com"]

[Event "Titled Tuesday Blitz May 31 Late 2022"]
[White "Ibarra Jerez, Jose Carlos"]
[Black "Djokic, Mihailo"]
[WhiteFideId "2226332"]
[BlackFideId "976440"]
[WhiteElo "2626"]
[BlackElo "2202"]
[Result "1-0"]
[Round "07"]
[TimeControl "180+1"]
[Date "2022.05.31"]
[WhiteClock "0:01:43"]
[BlackClock "0:01:18"]

1. Nf3 Nf6 2. g3 g6 3. b3 Bg7 4. Bb2 O-O 5. Bg2 d6 6. d4 e5 7. dxe5 Nfd7 8. Nc3 dxe5 9. Qd2 e4 10. Ng5 Bh6 11. Ncxe4 c6 12. Qc3 f6 13. Qc4+ Kh8 14. Nf7+ Rxf7 15. Qxf7 Bg7 16. O-O-O Qg8 17. Qxg8+ Kxg8 18. Nd6 Na6 19. Nxc8 1-0


[Site "https://www.chess.com"]

[Event "Titled Tuesday Blitz May 31 Late 2022"]
[White "Jarocka, Liwia"]
[Black "Shuvalova, Polina"]
[WhiteFideId "21807558"]
[BlackFideId "24171760"]
[WhiteElo "1887"]
[BlackElo "2355"]
[Result "0-1"]
[Round "07"]
[TimeControl "180+1"]
[Date "2022.06.01"]
[WhiteClock "0:00:04"]
[BlackClock "0:00:35"]

1. e4 c6 2. d4 d5 3. exd5 cxd5 4. Nf3 Nc6 5. Ne5 a6 6. Nxc6 bxc6 7. Be2 Nf6 8. O-O e6 9. c4 Be7 10. Nc3 O-O 11. Bf4 a5 12. Rc1 Ba6 13. Re1 Bxc4 14. Bxc4 dxc4 15. Bg5 Rb8 16. Na4 Qd5 17. Be3 Rfd8 18. Qc2 Rb4 19. a3 Rbb8 20. Qxc4 Qf5 21. Qxc6 Ng4 22. h3 Nxe3 23. fxe3 Bg5 24. Qc2 Qb5 25. Qc5 Bxe3+ 26. Rxe3 Qxa4 27. Kh2 h6 28. Rd3 Rxb2 29. Rf1 Qd7 30. Qe5 Qd6 31. Re3 Qxd4 32. Qg3 Qd6 33. Re5 Rb3 0-1


[Site "https://www.chess.com"]

[Event "Titled Tuesday Blitz May 31 Late 2022"]
[White "Jumabayev, Rinat"]
[Black "Shapiro, David"]
[WhiteFideId "13702661"]
[BlackFideId "24133523"]
[WhiteElo "2561"]
[BlackElo "2300"]
[Result "0-1"]
[Round "07"]
[TimeControl "180+1"]
[Date "2022.05.31"]
[WhiteClock "0:00:09"]
[BlackClock "0:00:12"]

1. e3 Nf6 2. b3 g6 3. Bb2 Bg7 4. Nf3 d5 5. Be2 c5 6. O-O O-O 7. d4 Ne4 8. Nbd2 Qa5 9. Nxe4 dxe4 10. Nd2 f5 11. Nc4 Qc7 12. a4 Rd8 13. c3 e5 14. Qc1 exd4 15. cxd4 cxd4 16. exd4 Nc6 17. Ne5 Be6 18. Bc4 Nxd4 19. Bxd4 Bxc4 20. Rd1 Bxe5 21. Bxe5 Rxd1+ 22. Qxd1 Qxe5 23. bxc4 Qe6 24. c5 Rc8 25. Rb1 e3 26. Qd4 e2 27. Re1 Re8 28. f3 Qe5 29. Qxe5 Rxe5 30. Kf2 Kf7 31. f4 Re4 32. Kf3 Ke6 33. g3 Kd5 34. Kf2 Kc6 35. h4 h5 36. a5 a6 37. Kf3 Kxc5 38. Rxe2 Rxe2 39. Kxe2 b6 40. Kd3 bxa5 41. Kc3 a4 42. Kb2 Kd4 43. Ka2 Ke4 44. Ka3 Kf3 45. Kxa4 Kxg3 46. Ka5 Kxf4 47. Kxa6 0-1


[Site "https://www.chess.com"]

[Event "Titled Tuesday Blitz May 31 Late 2022"]
[White "Kamsky, Gata"]
[Black "Martinez Alcantara, Jose Eduardo"]
[WhiteFideId "2000024"]
[BlackFideId "3805662"]
[WhiteElo "2645"]
[BlackElo "2690"]
[Result "1/2-1/2"]
[Round "07"]
[TimeControl "180+1"]
[Date "2022.05.31"]
[WhiteClock "0:00:04"]
[BlackClock "0:00:03"]

1. d4 Nf6 2. Nf3 e6 3. Bf4 d5 4. e3 Bd6 5. Bxd6 cxd6 6. c4 dxc4 7. Bxc4 O-O 8. Nc3 b6 9. O-O Bb7 10. Be2 Nbd7 11. Qb3 a6 12. a4 Qb8 13. Rfc1 Rc8 14. Qa3 h6 15. h3 Bxf3 16. Bxf3 d5 17. Be2 Qb7 18. Bd3 Nb8 19. Ne2 Nc6 20. Nf4 a5 21. Qb3 Nb4 22. Bb5 Ne4 23. Qd1 Nd6 24. Be2 Rxc1 25. Rxc1 Rc8 26. Nd3 Rxc1 27. Qxc1 Nc6 28. h4 g6 29. g3 Kg7 30. Qc2 Qd7 31. Ne5 Nxe5 32. dxe5 Ne4 33. Kg2 Nc5 34. Bb5 Qd8 35. Qc3 g5 36. hxg5 Qxg5 37. Qd4 Qf5 38. Qf4 Qe4+ 39. Kh2 Qxf4 40. exf4 f6 41. exf6+ Kxf6 42. Kg2 e5 43. Kf3 Kf5 44. fxe5 Kxe5 45. Ke3 d4+ 46. Kd2 Ne4+ 47. Ke2 Nc5 48. Kd2 Ke4 49. Bc6+ Ke5 50. Ke2 Kd6 51. Bb5 Kd5 52. Kd2 Ne4+ 53. Ke2 Nc5 54. Kd2 Ke6 55. Ke2 Kf5 56. Bc6 Kg5 57. Bb5 Kg4 58. Bc6 h5 59. Bb5 h4 60. gxh4 Kxh4 61. Kf3 Kg5 62. Kg3 Ne4+ 63. Kf3 Nc5 64. Kg3 Kf5 65. Kf3 Ke5 66. Ke2 Kf4 67. Bc6 Kf5 68. Bb5 Ke4 69. Bc6+ Ke5 70. Bb5 Kd5 71. Kd2 Ne4+ 72. Ke2 Ke5 73. Bc6 Nc5 74. Bb5 1/2-1/2


[Site "https://www.chess.com"]

[Event "Titled Tuesday Blitz May 31 Late 2022"]
[White "Kobalia, Mikhail"]
[Black "Omariev, Maksim"]
[WhiteFideId "4119150"]
[BlackFideId "4193423"]
[WhiteElo "2667"]
[BlackElo "2523"]
[Result "1-0"]
[Round "07"]
[TimeControl "180+1"]
[Date "2022.06.01"]
[WhiteClock "0:00:50"]
[BlackClock "0:00:03"]

1. e3 d5 2. f4 Nf6 3. Nf3 c5 4. b3 a6 5. Bb2 Nc6 6. Be2 g6 7. O-O Bg7 8. h3 O-O 9. d3 b5 10. Nbd2 Bb7 11. Ne5 Rc8 12. Bf3 Qb6 13. Qe2 Rfd8 14. Kh1 c4 15. Nxc6 Bxc6 16. Bd4 Qb7 17. Rab1 cxd3 18. cxd3 b4 19. Rfc1 Bb5 20. Nf1 a5 21. Qd2 Qa6 22. Be2 e6 23. Nh2 Ne8 24. Nf3 Rxc1+ 25. Rxc1 Rc8 26. Rxc8 Qxc8 27. Bxg7 Nxg7 28. Nd4 Ba6 29. g4 Ne8 30. Kg2 Nd6 31. Kf2 Nb5 32. Nxb5 Bxb5 33. Qb2 Qc5 34. g5 a4 35. bxa4 Bxa4 36. h4 Qc3 37. Qxc3 bxc3 38. Ke1 Kg7 39. d4 h6 40. Ba6 hxg5 41. hxg5 Kf8 42. Ke2 Bc2 43. Bb5 Ke7 44. a4 f6 45. gxf6+ Kxf6 46. a5 Ke7 47. a6 1-0


[Site "https://www.chess.com"]

[Event "Titled Tuesday Blitz May 31 Late 2022"]
[White "Koellner, Ruben Gideon"]
[Black "Donchenko, Alexander"]
[WhiteFideId "12993093"]
[BlackFideId "24603295"]
[WhiteElo "2596"]
[BlackElo "2572"]
[Result "0-1"]
[Round "07"]
[TimeControl "180+1"]
[Date "2022.05.31"]
[WhiteClock "0:00:02"]
[BlackClock "0:01:00"]

1. d4 Nf6 2. Bg5 d5 3. e3 c5 4. Bxf6 gxf6 5. dxc5 e6 6. c4 dxc4 7. Nd2 Bxc5 8. Bxc4 Nc6 9. Ngf3 f5 10. a3 Qf6 11. b4 Bb6 12. O-O Bd7 13. Qe2 Rg8 14. Kh1 Rc8 15. Rac1 Kf8 16. e4 Kg7 17. exf5 exf5 18. Qd3 Rcd8 19. Qb3 Bc8 20. Bb5 Kh8 21. Bxc6 bxc6 22. Qc3 Qxc3 23. Rxc3 Ba6 24. Nc4 c5 25. Nfe5 cxb4 26. axb4 Rg7 27. Ra1 Bb5 28. Nxb6 axb6 29. Rc7 f6 30. Rxg7 Kxg7 31. Nf3 Bc6 32. h3 Bxf3 33. gxf3 Rd4 34. Rb1 b5 35. Kg2 h5 36. Kf1 Kf7 37. Rb3 Ke6 38. Ke2 Kd5 0-1


[Site "https://www.chess.com"]

[Event "Titled Tuesday Blitz May 31 Late 2022"]
[White "Kollars, Dmitrij"]
[Black "Riehle, Marco"]
[WhiteFideId "12909572"]
[BlackFideId "12904392"]
[WhiteElo "2584"]
[BlackElo "2462"]
[Result "1/2-1/2"]
[Round "07"]
[TimeControl "180+1"]
[Date "2022.05.31"]
[WhiteClock "0:00:13"]
[BlackClock "0:00:18"]

1. Nf3 d5 2. e3 c5 3. d4 Nf6 4. Nbd2 Nc6 5. c3 e6 6. Bd3 Bd6 7. dxc5 Bxc5 8. b4 Bd6 9. Bb2 O-O 10. a3 a6 11. c4 Bc7 12. O-O e5 13. cxd5 Qxd5 14. Qc2 Bg4 15. h3 Bh5 16. Bc4 Qd7 17. Nh4 Rac8 18. Ne4 Nxe4 19. Qxe4 Qe7 20. Nf5 Qf6 21. Ng3 Bg6 22. Qg4 Rcd8 23. Rad1 h6 24. Ne4 Qf5 25. Qxf5 Bxf5 26. Nc5 Bc8 27. Bd5 Rfe8 28. Nxa6 bxa6 29. Bxc6 Rf8 30. Rd5 Rxd5 31. Bxd5 Rd8 32. Rd1 Be6 33. Bf3 Rb8 34. Rc1 Bd6 35. Rc6 Rd8 36. Rxa6 Bb8 37. g4 h5 38. Ra8 e4 39. Be5 exf3 40. Rxb8 Rxb8 41. Bxb8 hxg4 42. hxg4 Bxg4 43. b5 Bd7 44. b6 Bc8 45. Kh2 g5 46. Kg3 Bb7 47. Be5 Kh7 48. Bd4 Kg6 49. a4 Kf5 50. a5 f6 51. Bc5 Ke5 52. Be7 Kf5 53. Bd8 Ke5 54. Kh2 Kf5 55. Kg1 g4 56. Bc7 Ke4 57. Kh2 f5 58. Kg3 Bc8 59. Kh4 Bb7 60. Kg5 Ba6 61. Kf6 Bb7 62. Ke6 Bc8+ 63. Ke7 Kd5 64. Bg3 Kc6 65. Kd8 Ba6 66. Ke7 Bc8 67. Kf6 Kb5 68. Bc7 Ka6 69. Ke5 Kb5 70. Kf4 Ka6 71. Kg3 Kb5 72. Bd8 Ka6 73. Kh4 Kb5 74. Bc7 Ka6 75. Kg5 Kb5 76. Kf6 Ka6 77. Ke7 Bb7 78. Kd7 Kxa5 79. Ke6 Bc8+ 80. Kf6 Ka6 81. Kg5 Kb7 82. Kh4 Kc6 83. Kg3 Kb7 84. Kf4 Kc6 85. Kg3 Kb7 86. Kf4 Kc6 87. Kg3 1/2-1/2


[Site "https://www.chess.com"]